 Dungeon Crawl Stone Soup version 0.31-a0-182-gc5ef74bbde (webtiles) character file.

Game seed: 3347826547140205693

130 qw the Chopper (level 5, -3/32 HPs)
             Began as a Gargoyle Fighter on June 20, 2023.
             Slain by Eustachio
             ... wielding a +2 rapier of electrocution
              (4 damage)
             ... on level 4 of the Dungeon.
             The game lasted 00:01:33 (2322 turns).

qw the Chopper (Gargoyle Fighter)                   Turns: 2322, Time: 00:01:35

Health: -3/32      AC: 13    Str: 28      XL:     5   Next: 13%
Magic:  5/5        EV:  9    Int:  8      God:
Gold:   67         SH:  4    Dex:  7 (9)  Spells: 4/4 levels left

rFire   + . .        Y - +0 war axe
rCold   . . .        c - +0 buckler
rNeg    + . .        b - +0 scale mail
rPois   inf          i - +0 helmet
rElec   +            (no cloak)
rCorr   .            a - +0 pair of gloves
SInv    .            (no boots)
Will    .....        (no amulet) Stlth
                     k - +6 ring of strength
HPRegen 0.25/turn    n - ring of protection from fire
MPRegen 0.09/turn

%: no passive effects
@: about to teleport
A: sickness immunity, AC +4, negative energy resistance 1, electricity
resistance, torment resistance 1, petrification resistance
a: no special abilities


You were on level 4 of the Dungeon.
You visited 1 branch of the dungeon, and saw 4 of its levels.

You collected 67 gold pieces.


Innate Abilities, Weirdness & Mutations

You are immune to sickness and miasma.
Your stone body is resilient. (AC +4)
You are immune to poison.
You resist negative energy. (rN+)
You are resistant to electric shocks. (rElec)
You are resistant to unholy torment.
You are immune to petrification.


   Skills:
 - Level 3.2 Fighting
 + Level 4.7 Axes
 - Level 3.2 Armour
 - Level 3.2 Shields


You had 4 spell levels left.
You didn't know any spells.
Your spell library was empty.

Inventory:

Hand Weapons
 q - the +11 flail "Fisoif" {heavy, rC+ Str+3 Int+2 Dex+2}
   (You took it off a goblin on level 3 of the Dungeon)

   Str:       It affects your strength (+3).
   Int:       It affects your intelligence (+2).
   Dex:       It affects your dexterity (+2).
   rC:        It protects you from cold.
 Y - a +0 war axe (weapon)
Armour
 a - a +0 pair of gloves (worn)
 b - a +0 scale mail (worn)
 c - a +0 buckler (worn)
 i - a +0 helmet (worn)
Jewellery
 k - a +6 ring of strength (left hand)
 l - a ring of positive energy
 n - a ring of protection from fire (right hand)
 p - a ring of willpower
Scrolls
 h - a scroll of identify
Potions
 d - a potion of might
 e - a potion of curing
 f - a potion of magic
 g - a potion of attraction
 m - a potion of brilliance {unknown}

Dungeon Overview and Level Annotations

Branches:
Dungeon (4/15)
 Temple: D:4-7

Altars:
Ashenzari
Trog

Annotations:
D:4 Eustachio


Message History

The quasit claws you but does no damage.
The quasit closely misses you.
You closely miss the quasit.
The quasit is severely wounded.
You hit the bat.
You kill the bat!
The bat's corpse disappears in a puff of smoke!
You hit the shadow imp. You closely miss the river rat.
The river rat bites you. The shadow imp hits you. The quasit barely misses you.
The quasit claws you but does no damage. x2
The river rat bites you. The shadow imp closely misses you.
You closely miss the quasit.
The quasit is severely wounded.
You hit the shadow imp. You closely miss the river rat.
The quasit disappears in a puff of smoke!
The river rat bites you.
Eustachio casts a spell.
The shadow imp gestures at you.
You barely resist. You slash the shadow imp!
You kill the shadow imp!
The shadow imp disappears in a puff of smoke!
You slash the river rat! You hit the white imp.
The shadow imp disappears in a puff of smoke!
The river rat bites you. The white imp hits you. The white imp freezes you.
2320 ||| READING scroll of teleportation.
As you read the scroll of teleportation, it crumbles to dust.
You feel strangely unstable.
The river rat bites you but does no damage.
The white imp completely misses you.
You slash the river rat!
You kill the river rat!
The river rat's corpse disappears in a puff of smoke!
You slash the white imp!
You kill the white imp!
The white imp disappears in a puff of smoke!
You hit Eustachio.
Eustachio is heavily wounded.
You closely miss the white imp.
Eustachio hits you with a +2 rapier of electrocution.
You die...

...
#.#._.#.#.....##..........
#
#.#...#.##....##..........
+.......+.................
####+####......##........[
...$..................#
#.....###.............#
#..(...#..........##..
##....)...#.......## ..
.......@#.####....#
......5@### ###..#
.......5. ...# ..........
.... ........... ..
#.......#... ..##...#####.
.. .... ..


You could see Eustachio and 2 white imps.

Vanquished Creatures
  Robin (D:3)
  4 adders
  2 worms
  4 dart slugs
  7 bats
  5 endoplasms
  A giant cockroach (D:1)
  18 goblins
  6 hobgoblins
  4 jackals (D:2)
  A quokka (D:2)
  5 ball pythons
  2 frilled lizards
  4 kobolds
  6 rats
70 creatures vanquished.

Notes
Turn   | Place    | Note
-------+----------+-------------------------------------------
     0 | D:1      | qw the Gargoyle Fighter began the quest for the Orb.
     0 | D:1      | Reached XP level 1. HP: 14/14 MP: 1/1
     0 | D:1      | 0 ||| qw: Version: 0.3-a-9-g12657ce
     0 | D:1      | 0 ||| qw: Game counter: 1339
     0 | D:1      | 0 ||| qw: Always use a shield: true
     0 | D:1      | 0 ||| qw: God list: Okawaru
     0 | D:1      | 0 ||| qw: Allow faded altars: false
     0 | D:1      | 0 ||| qw: Do Orc after D:15 true
     0 | D:1      | 0 ||| qw: Do second Lair branch before Depths: true
     0 | D:1      | 0 ||| qw: Lair rune preference: random
     0 | D:1      | 0 ||| qw: Plans: Normal, Zot:1-4, Slime:5, God:TSO, Crypt,
                  | Tomb, Abyss, Pan, Hells, Win
     0 | D:1      | 0 ||| PLANNING D:1-11
    85 | D:1      | Reached skill level 2 in Axes
   125 | D:1      | 125 ||| Stepping ~*~*~tactically~*~*~ (hiding).
   159 | D:1      | Reached XP level 2. HP: 19/19 MP: 2/2
   586 | D:1      | 586 ||| DROPPING orb of light.
   587 | D:1      | 587 ||| UPGRADING to +6 ring of strength.
   588 | D:1      | 588 ||| READING scroll labelled DIPENU AVOYQ.
   592 | D:1      | 592 ||| READING 2 scrolls labelled TOONWU USODO.
   593 | D:1      | 593 ||| READING scroll labelled XADUTOU QENK.
   594 | D:1      | 594 ||| DRINKING 2 pink potions.
   663 | D:2      | Reached skill level 3 in Axes
   663 | D:2      | Reached XP level 3. HP: 22/23 MP: 3/3
   838 | D:2      | 838 ||| Stepping ~*~*~tactically~*~*~ (hiding).
   886 | D:2      | 886 ||| Stepping ~*~*~tactically~*~*~ (stealth).
   895 | D:2      | 895 ||| Stepping ~*~*~tactically~*~*~ (stealth).
  1302 | D:2      | 1302 ||| UPGRADING to +0 pair of gloves.
  1307 | D:2      | 1307 ||| UPGRADING to ring of willpower.
  1308 | D:2      | 1308 ||| READING scroll labelled RUDEQO LUOCK.
  1309 | D:2      | 1309 ||| READING 2 scrolls of identify.
  1309 | D:2      | 1309 ||| IDENTIFYING smoky pink potion
  1390 | D:3      | 1390 ||| DROPPING +0 club.
  1467 | D:3      | 1467 ||| Stepping ~*~*~tactically~*~*~ (hiding).
  1594 | D:3      | 1594 ||| Stepping ~*~*~tactically~*~*~ (stealth).
  1597 | D:3      | 1597 ||| Stepping ~*~*~tactically~*~*~ (stealth).
  1598 | D:3      | 1598 ||| Stepping ~*~*~tactically~*~*~ (stealth).
  1601 | D:3      | Noticed Robin
  1604 | D:3      | Reached XP level 4. HP: 28/28 MP: 4/4
  1609 | D:3      | Reached skill level 4 in Axes
  1614 | D:3      | Killed Robin
  1628 | D:3      | 1628 ||| Stepping ~*~*~tactically~*~*~ (stealth).
  1640 | D:3      | 1640 ||| FLEEEEING.
  1641 | D:3      | 1641 ||| Stepping ~*~*~tactically~*~*~ (stealth).
  1642 | D:3      | 1642 ||| Stepping ~*~*~tactically~*~*~ (stealth).
  1679 | D:3      | Identified the +8 flail "Zopatay" {heavy, Fly}
  1681 | D:3      | 1681 ||| DROPPING +0 mace.
  1824 | D:3      | Identified the +11 flail "Fisoif" {heavy, rC+ Str+3 Int+2
                  | Dex+2}
  1825 | D:3      | 1825 ||| Stepping ~*~*~tactically~*~*~ (hiding).
  1827 | D:3      | 1827 ||| Stepping ~*~*~tactically~*~*~ (hiding).
  1829 | D:3      | 1829 ||| Stepping ~*~*~tactically~*~*~ (hiding).
  1830 | D:3      | 1830 ||| Stepping ~*~*~tactically~*~*~ (hiding).
  1831 | D:3      | 1831 ||| Stepping ~*~*~tactically~*~*~ (hiding).
  1848 | D:3      | 1848 ||| DROPPING +8 flail "Zopatay" {heavy, Fly}.
  1979 | D:3      | Found a broken altar of Ashenzari.
  1997 | D:3      | 1997 ||| UPGRADING to +0 helmet.
  2002 | D:3      | 2002 ||| UPGRADING to ring of protection from fire.
  2004 | D:3      | 2004 ||| READING scroll labelled CANIOR GILIZA.
  2105 | D:3      | 2105 ||| READING 2 scrolls of identify.
  2105 | D:3      | 2105 ||| IDENTIFYING fizzy yellow potion
  2116 | D:4      | 2116 ||| PLANNING SEWER
  2128 | D:4      | Reached XP level 5. HP: 32/32 MP: 5/5
  2174 | D:4      | Found a bloodstained altar of Trog.
  2180 | D:4      | Noticed Eustachio
  2200 | D:4      | 2200 ||| FLEEEEING.
  2201 | D:4      | 2201 ||| FLEEEEING.
  2202 | D:4      | 2202 ||| FLEEEEING.
  2203 | D:4      | 2203 ||| FLEEEEING.
  2204 | D:4      | 2204 ||| FLEEEEING.
  2205 | D:4      | 2205 ||| FLEEEEING.
  2213 | D:4      | 2213 ||| STAIRDANCE
  2287 | D:4      | 2287 ||| Stepping ~*~*~tactically~*~*~ (hiding).
  2288 | D:4      | 2288 ||| Stepping ~*~*~tactically~*~*~ (stealth).
  2289 | D:4      | 2289 ||| Stepping ~*~*~tactically~*~*~ (hiding).
  2319 | D:4      | HP: 6/32 [white imp[Eustachio] (3)]
  2319 | D:4      | HP: 1/32 [white imp[Eustachio] (5)]
  2320 | D:4      | 2320 ||| READING scroll of teleportation.
  2322 | D:4      | Slain by Eustachio

Levels and vault maps discovered:
D:1:      dpeg_arrival_signposts, layout_rooms, amcnicky_mini_pool_small
D:2:      layout_loops_cross
D:3:      layout_rooms, ashenzari_altar_1, uniq_robin
D:4:      layout_cave_pools, lemuel_round_altar,
          mainiacjoe_overflow_six_doors_small, gup_sewer_entry_bowl,
          uniq_eustachio

Skill      XL: |  1  2  3  4 |
---------------+-------------+-----
Axes           | 2 3 4 |  4.7
Fighting       | |  3.2
Armour         | |  3.2
Shields        | |  3.2

Action                     |  1- 3 |  4- 6 || total
---------------------------+-------+-------++-------
  Melee: War axe           |   129 |   101 ||   230
    Use: Scroll            |     5 |     3 ||     8
         Potion            |     1 |       ||     1
 Armour: Scale mail        |    71 |   124 ||   195
  Dodge: Dodged            |    60 |    81 ||   141
  Block: Buckler           |    25 |    36 ||    61

Table legend:
 A = Non-vault XP
 B = Vault XP
 C = Vault XP percentage of total XP
 D = Non-vault monster count
 E = Vault monster count
 F = Vault count percentage of total count
                 A         B        C        D         E       F
            +---------+---------+-------+---------+---------+-------
      Total |     153 |      33 |  17.7 |      59 |      11 |  15.7
            +---------+---------+-------+---------+---------+-------
        D:1 |      19 |       0 |   0.0 |      14 |       0 |   0.0
        D:2 |      50 |       0 |   0.0 |      19 |       0 |   0.0
        D:3 |      61 |      33 |  35.1 |      20 |      11 |  35.5
        D:4 |      23 |       0 |   0.0 |       6 |       0 |   0.0
            +---------+---------+-------+---------+---------+-------
